 Dungeon Sprint DCSS version 0.21.1-1-g345015f (webtiles) character file.

3100000 vatarom the Axe Maniac (level 20, -22/197 HPs)
             Began as a Formicid Gladiator on Apr 28, 2018.
             Was a High Priest of Makhleb.
             Annihilated by The Servant
             ... wielding a +9 glaive of flaming
              (145 damage)
             ... in the Dungeon (Sprint VIII: "Arena of Blood").
             The game lasted 00:00:35 (31 turns).

vatarom the Axe Maniac (Formicid Gladiator)           Turns: 31, Time: 00:00:37

Health: -22/197    AC:  6    Str: 25    XL:     20   Next: 78%
Magic:  20/35      EV: 31    Int:  9    God:    Makhleb [*****.]
Gold:   0          SH:  0    Dex: 14    Spells: 42/42 levels left

rFire    . . .     SeeInvis +   k - +∞ Axe of Woe
rCold    . . .     Gourm    .   (no shield)
rNeg     . . .     Faith    .   b - +0 leather armour
rPois    .         Spirit   .   (helmet unavailable)
rElec    .         Reflect  .   (no cloak)
rCorr    .         Harm     .   (no gloves)
MR       ++...                  (no boots)
Stlth    ++++++....             (no amulet)
HPRegen  0.42/turn              (no ring)
MPRegen  0.24/turn              (no ring)

@: no status effects
A: permanent stasis, dig shafts and tunnels, four strong arms, antennae 3
a: Dig, Minor Destruction, Lesser Servant of Makhleb, Major Destruction, Greater
Servant of Makhleb, Renounce Religion


You were in the Dungeon.
You worshipped Makhleb.
Makhleb was extremely pleased with you.
You were not hungry.

You visited 1 branch

Inventory:

Hand Weapons
 a - a +0 war axe
 k - the +∞ Axe of Woe (weapon)
   (You found it in the Dungeon)
Missiles
 c - 3 throwing nets (quivered)
Armour
 b - a +0 leather armour (worn)
Scrolls
 j - a scroll of blinking
Potions
 e - a potion of curing
 f - a potion of heal wounds
 g - a potion of haste
 h - 2 potions of magic
 i - a potion of berserk rage
Comestibles
 d - a ration


   Skills:
 O Level 27 Fighting
 O Level 27 Axes
 O Level 27 Throwing
 O Level 27 Armour
 O Level 27 Dodging
 + Level 14.8 Stealth
 + Level 11.8 Unarmed Combat
 + Level 11.8 Spellcasting
 + Level 13.7 Invocations


You had 42 spell levels left.
You didn't know any spells.

Dungeon Overview and Level Annotations

Branches:
Dungeon (1/1)

Altars:
Makhleb

Annotations:
D The Servant


Innate Abilities, Weirdness & Mutations

You cannot be hasted, slowed, berserked, paralysed or teleported.
You can dig through walls and to a lower floor.
Your four strong arms can wield two-handed weapons with a shield.
You have a pair of large antennae on your head. (SInv)


Message History

You hear a shout! x2
The Servant appears out of thin air!
Harold the Weathered comes into view.
He is wielding a +9 glaive of flaming.
You hear a shout! x2
The destroyer blinks!
You hear a shout!
The Servant shouts!
You hear a shout!
Items here: ))) === †† You slice the bag of meat!!
You butcher the bag of meat messily.
You kill the bag of meat!
Makhleb accepts your kill.
You can now summon a greater servant of Makhleb.
You feel better.
Your Stealth skill gained 14 levels and is now at level 14!
Your Unarmed Combat skill gained 11 levels and is now at level 11!
Your Spellcasting skill gained 11 levels and is now at level 11!
Your Invocations skill gained 13 levels and is now at level 13!
You hear a shout! x3
The Servant hits you from afar with a +9 glaive of flaming!!!!!
Ouch! That really hurt!
You die...

#. ....# { #..
...# .. .###..
...###...
......###....o...
......_.).......
. #..V..# . ...
#§.<§_# ...
.....#.§)))#.....
.......§§@)......
..o...§###O......
..###..{{.@.###..
{#.. .o.# . { #o.
.oo# {{ {
{o.o{....o {{
{.o..{ .... o...
....


You could see The Servant, a destroyer, a meat berserker (berserk) and 5 bags of
meat.

Vanquished Creatures
  4 ogres (D)
  A two-headed ogre (D)
  11 orcs (D)
16 creatures vanquished.

Notes
Turn   | Place    | Note
-------+----------+-------------------------------------------
     0 | D        | Found the +∞ Axe of Woe
     0 | D        | vatarom the Formicid Gladiator began the quest for the Orb.
     0 | D        | Reached XP level 1. HP: 16/16 MP: 1/1
     3 | D        | Noticed a bag of meat
     4 | D        | Noticed a bag of meat
     4 | D        | Noticed a bag of meat
     4 | D        | Became a worshipper of Makhleb the Destroyer
     5 | D        | Noticed a bag of meat
     9 | D        | Noticed a meat berserker
     9 | D        | Killed a bag of meat
     9 | D        | Reached XP level 2. HP: 37/37 MP: 2/2
     9 | D        | Reached XP level 3. HP: 43/43 MP: 3/3
     9 | D        | Reached XP level 4. HP: 50/50 MP: 4/4
     9 | D        | Reached XP level 5. HP: 56/56 MP: 5/5
     9 | D        | Reached XP level 6. HP: 62/62 MP: 6/6
     9 | D        | Reached XP level 7. HP: 68/68 MP: 7/7
     9 | D        | Reached XP level 8. HP: 75/75 MP: 8/8
     9 | D        | Reached XP level 9. HP: 81/81 MP: 9/9
     9 | D        | Reached XP level 10. HP: 88/88 MP: 10/10
     9 | D        | Reached XP level 11. HP: 93/93 MP: 11/11
     9 | D        | Reached XP level 12. HP: 100/100 MP: 12/12
    10 | D        | Killed a bag of meat
    10 | D        | Reached * piety under Makhleb
    10 | D        | Reached XP level 13. HP: 104/109 MP: 13/13
    10 | D        | Killed a bag of meat
    10 | D        | Reached skill level 1 in Armour
    10 | D        | Reached XP level 14. HP: 113/119 MP: 14/14
    11 | D        | Noticed a bag of meat
    11 | D        | Noticed a meat berserker
    11 | D        | Killed a meat berserker
    11 | D        | Reached skill level 15 in Fighting
    11 | D        | Reached XP level 15. HP: 123/129 MP: 15/15
    12 | D        | Reached ** piety under Makhleb
    12 | D        | Reached XP level 16. HP: 138/138 MP: 16/16
    14 | D        | Noticed a meat berserker
    14 | D        | Killed a meat berserker
    14 | D        | Reached skill level 27 in Axes
    16 | D        | Noticed a meat berserker
    16 | D        | Reached XP level 17. HP: 138/153 MP: 17/17
    17 | D        | Reached *** piety under Makhleb
    17 | D        | Reached skill level 27 in Dodging
    19 | D        | Killed a meat berserker
    19 | D        | Reached XP level 18. HP: 175/175 MP: 18/18
    21 | D        | Noticed a large bag of meat
    23 | D        | Killed a meat berserker
    23 | D        | Reached skill level 27 in Fighting
    25 | D        | Reached **** piety under Makhleb
    25 | D        | Reached skill level 27 in Throwing
    25 | D        | Reached XP level 19. HP: 189/189 MP: 19/19
    26 | D        | Noticed a meat berserker
    27 | D        | Noticed a destroyer
    27 | D        | Reached XP level 20. HP: 197/197 MP: 20/20
    29 | D        | Killed a large bag of meat
    29 | D        | Reached skill level 27 in Armour
    30 | D        | Noticed The Servant
    31 | D        | Reached ***** piety under Makhleb
    31 | D        | Annihilated by The Servant

Skill      XL: |  1  2  3  4  5  6  7  8  9 10 11 12 13 14 15 16 17 18 19 20 |
---------------+-------------------------------------------------------------+-----
Fighting       | 11 12 13 15 16 19 24 27 | 27.0
Axes           | 18 20 22 25 26 27 | 27.0
Throwing       | 9 11 12 14 17 22 27 | 27.0
Dodging        | 16 18 19 22 26 27 | 27.0
Armour         | 1 2 3 6 11 25 27 | 27.0
Stealth        | 14 | 14.8
Unarmed Combat | 11 | 11.8
Spellcasting   | 11 | 11.8
Invocations    | 13 | 13.7

Action                   |  1- 3 |  4- 6 |  7- 9 | 10-12 | 13-15 | 16-18 | 19-21 || total
-------------------------+-------+-------+-------+-------+-------+-------+-------++-------
Melee: Executioner's axe |     1 |       |       |     1 |     2 |     6 |     3 ||    13
Dodge: Dodged            |       |       |       |       |       |     2 |       ||     2
